 Dungeon Crawl Stone Soup version 0.18.1-48-g4cf74bf (webtiles) character file.

73 HEYYEYAAE the Chiller (level 4, -7/36 HPs)
             Began as a Draconian Ice Elementalist on Aug 27, 2016.
             Killed by divine providence
             ... invoked by an orc priest
              (16 damage)
             ... on level 4 of the Dungeon.
             The game lasted 00:02:41 (2163 turns).

HEYYEYAAE the Chiller (Draconian Ice Elementalist)  Turns: 2163, Time: 00:02:41

Health: -7/36      AC:  5    Str: 13    XL:     4   Next: 8%
Magic:  8/8        EV: 12    Int: 17    God:
Gold:   121        SH:  0    Dex: 11    Spells: 1 memorised, 7 levels left

rFire  . . .     SeeInvis .     p - +0 hunting sling
rCold  . . .     Gourm    .     (armour unavailable)
rNeg   . . .     Faith    .     (no shield)
rPois  .         Spirit   .     (helmet restricted)
rElec  .         Dismiss  .     (no cloak)
rCorr  .         Reflect  .     (no gloves)
SustAt .         Harm     .     (no boots)
MR     .....                    (no amulet)
Stlth  ++........               (no ring)
                                s - +3 ring of strength

@: not resistant to hostile enchantments, unstealthy
A: unfitting armour, cold-blooded, AC +5
a: no special abilities


You were on level 4 of the Dungeon.
You were not hungry.

You visited 1 branch of the dungeon, and saw 4 of its levels.

You collected 121 gold pieces.

Inventory:

Hand Weapons
 p - a +0 hunting sling (weapon)
Missiles
 c - 3 sling bullets (quivered)
 q - 20 stones
Armour
 v - a cursed +0 pair of boots
Jewellery
 s - a +3 ring of strength (left hand)
Scrolls
 f - 4 scrolls of identify {unknown}
 g - a scroll of teleportation {unknown}
 h - a scroll of fear {unknown}
 j - a scroll of remove curse {unknown}
 m - a scroll of magic mapping {unknown}
Potions
 d - a potion of agility {unknown}
 e - a potion of degeneration {unknown}
 i - 3 potions of ambrosia {unknown}
 k - a potion of lignification {unknown}
 l - a potion of magic {unknown}
 n - a potion of flight {unknown}
 o - a potion of heal wounds {unknown}
 r - a potion of brilliance {unknown}
 t - a potion of might {unknown}
 u - a potion of curing {unknown}
Books
 a - a book of Frost

   Spells                             Type                      Level
   a - Freeze                         Ice                          1
   b - Throw Frost                    Conjuration/Ice              2
   c - Ozocubu's Armour               Charms/Ice                   3
   d - Throw Icicle                   Conjuration/Ice              4
   e - Summon Ice Beast               Ice/Summoning                4
Comestibles
 b - a bread ration


   Skills:
 + Level 1.6 Fighting
 + Level 2.1 Dodging
 - Level 1.7 Stealth
 * Level 2.7 Spellcasting
   Level 1.0 Conjurations
 * Level 3.8 Ice Magic


You had 7 spell levels left.
You knew the following spells:

 Your Spells              Type           Power        Failure   Level  Hunger
a - Freeze                Ice            ###.         3%          1    #......


Dungeon Overview and Level Annotations

Branches:
Dungeon (4/15)
 Temple: D:4-7

Altars:
Fedhas
Qazlal
Trog
Vehumet
Zin

Annotations:
D:3 ceb's ghost, amateur MiBe


Innate Abilities, Weirdness & Mutations

Your plain brown scales are hard (AC +5).
Your body does not fit into most forms of armour.
You are cold-blooded and may be slowed by cold attacks.


Message History

Okay, then.
Read which item? (? for menu, Esc to quit)
Okay, then.
The howler monkey hoots and howls with incredible vigour!
The orc wizard casts a spell.
The orc wizard seems to speed up.
Found a robe.
An orc wizard comes into view. It is wielding a dagger.
The orc wizard gestures at you while chanting.
The puff of frost hits you!
The orc wizard points at you and mumbles some strange words.
The puff of frost hits you!
* * * LOW HITPOINT WARNING * * *
An orc priest comes into view. It is wielding a short sword.
The orc priest shouts!
The orc wizard looks braver for a moment.
The orc wizard looks braver for a moment.
The orc priest mumbles some strange prayers to Beogh against you.
Beogh smites you!
You die...

......##..#####.#.
........ooo...o..
######o#o#####..
#o#... #.#.....#
#o#.##..#
#.#.##.##..
#.......o..
###@##.... #.# #
#.. ####


You could see 3 orc priests, 2 orc wizards and an orc.

Vanquished Creatures
  2 adders
  2 worms (D:2)
  2 giant geckos
  2 orcs (D:3)
  3 bats
  2 giant cockroaches
  6 goblins
  4 hobgoblins
  2 jackals (D:2)
  A quokka (D:3)
  5 giant newts
  11 kobolds
  4 rats
46 creatures vanquished.

Notes
Turn   | Place    | Note
--------------------------------------------------------------
     0 | D:1      | HEYYEYAAE the Draconian Ice Elementalist began the quest for the Orb.
     0 | D:1      | Reached XP level 1. HP: 14/14 MP: 3/3
   435 | D:1      | Reached XP level 2. HP: 17/20 MP: 5/5
   945 | D:2      | Reached skill level 1 in Fighting
  1078 | D:2      | Reached XP level 3. HP: 17/28 MP: 2/6
  1671 | D:2      | Found a radiant altar of Vehumet.
  1671 | D:2      | Found a bloodstained altar of Trog.
  1682 | D:2      | Found a blossoming altar of Fedhas.
  1687 | D:2      | Found a glowing silver altar of Zin.
  2066 | D:3      | Found a stormy altar of Qazlal.
  2094 | D:3      | Reached XP level 4. HP: 23/36 MP: 8/8
  2125 | D:3      | Noticed ceb's ghost (amateur MiBe)
  2163 | D:4      | Killed from afar by an orc priest

Skill      XL: |  1  2 |
---------------+-------+-----
Dodging        | 2 |  2.1
Fighting       | 1 |  1.6
Stealth        | |  1.7
Spellcasting   | |  2.7
Conjurations   | |  1.0
Ice Magic      | |  3.8

Action                   |  1- 3 |  4- 6 || total
-------------------------+-------+-------++-------
Melee: Unarmed           |   185 |       ||   185
       Tailslap          |    19 |       ||    19
 Fire: Hunting sling     |    36 |       ||    36
 Cast: Freeze            |    26 |       ||    26
 Stab: Sleeping          |     1 |       ||     1
  Eat: Bread ration      |     1 |       ||     1
       Beef jerky        |     1 |       ||     1
Armor: Skin              |    66 |       ||    66
Dodge: Dodged            |   168 |       ||   168
